AoeStats
← Křovák

Arena

506423674Analyzed
1v1 RM · 20d ago on Sep 13, 2026· 62m 32s· 2 players
Game mode
Random Map
Map size
Tiny (2 player)
Population
200
Speed
Normal
Resources
Standard
Victory
Conquest
Starting age
Dark Age
Ending age
Imperial Age
RankedLock teamsTeams togetherTeam positionsShared explorationLock speedFull tech treeHidden civsTurbo modeCheats
Victory
Defeat
🇨🇿 Bohemians · Czechia
771
+14
🇵🇪 Celts · Peru
721
-14
Inca Tupac Yupanqui
0:40 Loom
12:39 Feudal Age
18:05 Castle Age
18:02 Double-Bit Axe
18:00 Horse Collar
22:39 Man-at-Arms
28:15 Wheelbarrow
28:59 Scale Mail Armor
29:11 Devotion
30:57 Heavy Plow
31:29 Husbandry
38:26 Imperial Age
37:33 Hand Cart
40:33 Chemistry
40:07 Onager
42:14 Ballistics
42:21 Forging
42:28 Chain Mail Armor
41:36 Long Swordsman
42:02 Gambesons
42:04 Pikeman
42:23 Two-Handed Swordsman
46:35 Conscription
47:20 Furor Celtica
47:30 Siege Onager
48:41 Bow Saw
58:11 Elite Woad Raider
Křovák
8:49 Loom
13:16 Feudal Age
16:52 Castle Age
15:14 Double-Bit Axe
16:26 Horse Collar
21:18 Bow Saw
22:49 Heavy Plow
25:38 Fletching
25:49 Padded Archer Armor
31:06 Imperial Age
28:11 Crossbowman
30:23 Town Watch
31:46 Bodkin Arrow
32:15 Leather Archer Armor
35:12 Ballistics
35:52 Chemistry
35:02 Arbalester
36:09 Bracer
42:26 Ring Archer Armor
55:35 Scale Barding Armor
55:40 Forging
59:19 Cavalier
60:00 Husbandry
60:40 Iron Casting
60:26 Chain Barding Armor
Connection lost

Rejoining the realm…

Still unreachable

The connection could not be restored.

Session expired

The server has moved on; the page needs a fresh start.